[Event "Team 45 45 League T80"]
[Site "Internet Chess Club"]
[Date "2019.04.13"]
[Round "3"]
[White "santiagoelawad"]
[Black "harlyman"]
[Result "0-1"]
[WhiteElo "1934"]
[BlackElo "1829"]
[Opening "QGD: Semi-Tarrasch, 5.cd"]
[ECO "D41"]
[Time "10:09:48"]
[TimeControl "2700+45"]

1. c4 e6 2. Nc3 d5 3. d4 Nf6 4. Nf3 c5 5. cxd5 Nxd5 6. g3 cxd4 7. Nxd4 Nxc3 8.
bxc3 e5 9. Nc2 Qxd1+ 10. Kxd1 Nc6 11. Bg2 Bd7 12. Rb1 O-O-O 13. Ke1 Bc5 14. e4
Be6 15. a4 Rd3 16. Ne3 Rxc3 17. Nd5 Rc2 18. Rf1 Rd8 19. Bd2 f5 20. Kd1 Ra2 21.
Rc1 b6 22. Rc2 Rxa4 23. Kc1 Nd4 24. Ne7+ Kb8 25. exf5 Bxe7 26. fxe6 Nxc2 27.
Kxc2 Ra2+ {White resigns} 0-1

[Event "Team 45 45 League T80"]
[Site "Internet Chess Club"]
[Date "2019.04.15"]
[Round "3"]
[White "Zugzwanged"]
[Black "Portola"]
[Result "0-1"]
[WhiteElo "1745"]
[BlackElo "1801"]
[Opening "French: exchange variation"]
[ECO "C01"]
[Time "09:01:30"]
[TimeControl "2700+45"]

1. e4 e6 2. d4 d5 3. exd5 exd5 4. Nf3 Nf6 5. Bd3 Be7 6. O-O O-O 7. Bg5 Be6 8.
Nbd2 Nbd7 9. c3 c6 10. Re1 Re8 11. Qc2 h6 12. Bh4 Qc7 13. Bg3 Bd6 14. Bxd6 Qxd6
15. h3 a6 16. Ne5 Nf8 17. Ndf3 c5 18. Qd2 c4 19. Bc2 b5 20. Qf4 b4 21. Qh4 bxc3
22. bxc3 Qa3 23. g4 Qxc3 24. Rac1 Qa3 25. g5 hxg5 26. Nxg5 Qb2 27. Bb1 Rab8 28.
Rc2 Qb4 29. Rce2 Qc3 30. Re3 Qd2 31. R3e2 Qc3 32. Re3 Qb2 33. Rf3 Qd2 34. Rfe3
Rb2 35. Nef3 Qb4 36. Nxe6 Rxb1 37. Rxb1 Qxb1+ 38. Re1 Qg6+ 39. Neg5 Rxe1+ 40.
Nxe1 Ne4 41. Nf3 f6 42. Qg4 fxg5 43. Ne5 Qf6 44. f3 Nd6 45. Qg3 Qf4 46. Qf2 Nf5
47. Nc6 Qg3+ 48. Qxg3 Nxg3 49. Ne7+ Kf7 50. Nxd5 Ne2+ 51. Kf2 Nxd4 52. Ke3 Nfe6
53. Ke4 g6 54. Ke3 a5 55. Ke4 Nc2 56. Nb6 Na3 57. Nd5 Nc2 58. Nb6 Na3 59. Nd5
Nc5+ 60. Kd4 Na4 61. Ne3 c3 62. Kd3 Ke6 63. Ke2 Ke5 64. Ng4+ Kd4 65. Nf2 c2 66.
Kd2 Nc3 67. Nd3 Nxa2 {White resigns} 0-1

[Event "Team 45 45 League T80"]
[Site "Internet Chess Club"]
[Date "2019.04.12"]
[Round "3"]
[White "QuieroAprender"]
[Black "ivanson"]
[Result "0-1"]
[WhiteElo "1603"]
[BlackElo "1669"]
[Opening "Two knights defense"]
[ECO "C55"]
[Time "19:00:19"]
[TimeControl "2700+45"]

1. e4 e5 2. Nf3 Nc6 3. Bc4 Nf6 4. O-O Nxe4 5. Qe2 d5 6. Bb5 Bg4 7. Bxc6+ bxc6 8.
Re1 Be7 9. d3 Nf6 10. Qxe5 Bxf3 11. gxf3 Qd6 12. Qg3 O-O 13. Bf4 Qb4 14. Bxc7
Qxe1+ {White resigns} 0-1

[Event "Team 45 45 League T80"]
[Site "Internet Chess Club"]
[Date "2019.04.12"]
[Round "3"]
[White "Ajolote"]
[Black "primerpaso"]
[Result "1-0"]
[WhiteElo "1927"]
[BlackElo "1829"]
[Opening "Sicilian: closed"]
[ECO "B24"]
[Time "20:12:53"]
[TimeControl "2700+45"]

1. e4 c5 2. Nc3 Nc6 3. g3 g6 4. Bg2 Bg7 5. d3 e6 6. Be3 b6 7. Nf3 Nge7 8. Qd2
Nd4 9. Bxd4 cxd4 10. Nb5 d5 11. e5 Nc6 12. Nd6+ Kf8 13. Qf4 f5 14. O-O h6 15. h4
Kg8 16. Rfe1 Bd7 17. Nxd4 Nxd4 18. Qxd4 Bc6 19. Qe3 g5 {Black resigns} 1-0

[Event "Team 45 45 League T80"]
[Site "Internet Chess Club"]
[Date "2019.04.13"]
[Round "3"]
[White "kabindra"]
[Black "MarcB"]
[Result "1-0"]
[WhiteElo "1807"]
[BlackElo "1683"]
[Opening "Scandinavian (center counter) defense"]
[ECO "B01"]
[Time "15:01:13"]
[TimeControl "2700+45"]

1. e4 d5 2. exd5 Qxd5 3. Nc3 Qd8 4. d4 Nf6 5. Bc4 a6 6. a4 Nc6 7. h3 Qxd4 8. Qe2
e6 9. Be3 Qe5 10. Nf3 Qa5 11. O-O Be7 12. Bd2 Bb4 13. Ne4 Nxe4 14. Bxb4 Qxb4 15.
Qxe4 O-O 16. Ng5 g6 17. Qh4 h5 18. c3 Qe7 19. Qg3 Kg7 20. Rae1 Qf6 21. Be2 Rh8
22. Bd3 h4 23. Qe3 Ne7 24. Ne4 Nd5 25. Nxf6 Nxe3 26. fxe3 c6 27. Ne4 f5 28. Ng5
Rh5 29. Nf3 b5 30. axb5 cxb5 31. Be2 Kf6 32. Nd4 Bb7 33. Bxh5 {Black resigns}
1-0

[Event "Team 45 45 League T80"]
[Site "Internet Chess Club"]
[Date "2019.04.12"]
[Round "3"]
[White "joaoazm"]
[Black "Achelous11"]
[Result "1-0"]
[WhiteElo "1708"]
[BlackElo "1603"]
[Opening "Réti: King's Indian attack"]
[ECO "A08"]
[Time "19:00:19"]
[TimeControl "2700+45"]

1. Nf3 d5 2. g3 c5 3. Bg2 Nf6 4. O-O Nc6 5. d4 cxd4 6. Nxd4 e5 7. Nxc6 bxc6 8.
c4 Be6 9. Nc3 Rc8 10. cxd5 cxd5 11. Bg5 d4 12. Ne4 Be7 13. Nxf6+ Bxf6 14. Bxf6
Qxf6 15. Qa4+ Bd7 16. Qxa7 Bb5 17. Rfc1 O-O 18. Rxc8 Rxc8 19. Re1 Qd6 20. Qa5
Ba6 21. b4 Rb8 22. a3 g6 23. Kf1 Qe6 24. a4 Bc4 25. Rc1 Rc8 26. Rd1 Bb3 27. Rb1
e4 28. Kg1 d3 29. exd3 exd3 30. b5 Qc4 31. Bh3 Re8 32. Bd7 Re2 33. b6 Qd4 34.
Qa8+ Kg7 35. Qf3 Bd5 36. Qf4 Qxb6 37. Bb5 d2 38. Rf1 Qe6 39. Bxe2 Qxe2 40. Qd4+
f6 41. Qxd5 Qe1 42. a5 g5 43. a6 {Black resigns} 1-0

[Event "Team 45 45 League T80"]
[Site "Internet Chess Club"]
[Date "2019.04.13"]
[Round "3"]
[White "warsaviensis"]
[Black "freakypawn"]
[Result "1-0"]
[WhiteElo "1888"]
[BlackElo "1750"]
[Opening "QGD Slav: 4.e3 Bf5"]
[ECO "D12"]
[Time "11:01:18"]
[TimeControl "2700+45"]

1. d4 d5 2. Nf3 Nf6 3. e3 c6 4. c4 Bf5 5. Nc3 e6 6. Nh4 Bg4 7. Qb3 Qb6 8. c5 Qc7
9. h3 Bh5 10. g4 Bg6 11. g5 Ne4 12. Nxg6 hxg6 13. Nxe4 dxe4 14. h4 Qd7 15. Bg2
f5 16. gxf6 gxf6 17. Bxe4 f5 18. Bf3 Be7 19. h5 g5 20. Bd2 g4 21. Be2 Qd5 22.
Qxd5 cxd5 23. f3 gxf3 24. Bxf3 Nd7 25. b4 Nf6 26. Ke2 Kd7 27. a4 a6 28. Rag1
Rag8 29. Rxg8 Nxg8 30. b5 axb5 31. axb5 Nf6 32. Bb4 Bf8 33. Rg1 Nxh5 34. Bxh5
Rxh5 35. c6+ bxc6 36. bxc6+ Kxc6 37. Bxf8 Rh2+ 38. Kf3 Rh3+ 39. Rg3 Rxg3+ 40.
Kxg3 Kd7 41. Kf4 Ke8 42. Bh6 Kf7 43. Ke5 Kg6 44. Bf4 Kf7 45. Kd6 Kf6 46. Be5+
Kg5 47. Kxe6 f4 48. exf4+ Kg4 49. Kxd5 {Black resigns} 1-0

[Event "Team 45 45 League T80"]
[Site "Internet Chess Club"]
[Date "2019.04.12"]
[Round "3"]
[White "Packerfan"]
[Black "bobhill"]
[Result "1-0"]
[WhiteElo "1717"]
[BlackElo "1798"]
[Opening "Sicilian: Alapin's variation (2.c3)"]
[ECO "B22"]
[Time "14:07:16"]
[TimeControl "2700+45"]

1. e4 c5 2. c3 d5 3. exd5 Qxd5 4. d4 Nf6 5. Nf3 Bg4 6. Be2 e6 7. O-O Be7 8. dxc5
Qxd1 9. Rxd1 O-O 10. Be3 Nd5 11. b4 Nxe3 12. fxe3 Bf6 13. Nd4 Bxe2 14. Nxe2 Nc6
15. Nd2 Bg5 16. Nc4 Rad8 17. Kf2 Ne7 18. e4 f5 19. exf5 Rxf5+ 20. Kg1 Rfd5 21.
Rxd5 Nxd5 22. Rd1 Rf8 23. Rf1 Bf6 24. Rf3 e5 25. Rd3 Ne7 26. Rd7 e4 27. Nd6 Bg5
28. g3 Be3+ 29. Kg2 Nc6 30. Nxe4 Ne5 31. Rxb7 g5 32. Re7 Ng4 33. c6 Bb6 34. Nxg5
Rf2+ 35. Kh3 h5 36. Kh4 Rxh2+ 37. Nh3 Bd8 38. c7 Bxe7+ 39. Kxh5 Nf6+ 40. Kg6 Nd7
41. c8=Q+ Nf8+ 42. Kh5 Kf7 43. Nf4 Rd2 44. Ng5+ Bxg5 45. Kxg5 Nh7+ 46. Kf5 Nf8
47. Qc4+ Ke8 48. Nd5 Rf2+ 49. Kg4 Ng6 50. Nc7+ Kd7 51. Qd4+ {Black resigns} 1-0

[Event "Team 45 45 League T80"]
[Site "Internet Chess Club"]
[Date "2019.04.13"]
[Round "3"]
[White "Beetlejuice"]
[Black "sergerich191"]
[Result "1/2-1/2"]
[WhiteElo "1710"]
[BlackElo "1711"]
[Opening "Benkö gambit half accepted"]
[ECO "A57"]
[Time "08:31:58"]
[TimeControl "2700+45"]

1. d4 Nf6 2. c4 c5 3. d5 b5 4. cxb5 a6 5. f3 axb5 6. e4 Qa5+ 7. Bd2 b4 8. Na3 d6
9. Nc4 Qd8 10. Bd3 e6 11. Ne3 exd5 12. exd5 Be7 13. Ne2 O-O 14. a3 bxa3 15. Rxa3
Rxa3 16. bxa3 Na6 17. Qa4 Nc7 18. Ba5 Bd7 19. Qb3 Qc8 20. Kf2 Bd8 21. Rb1 Qa8
22. Bxc7 Bxc7 23. Bf5 Rb8 24. Qa2 Rxb1 25. Bxb1 Bb5 26. Nc3 Bd7 27. Bf5 {Game
drawn by mutual agreement} 1/2-1/2

[Event "Team 45 45 League T80"]
[Site "Internet Chess Club"]
[Date "2019.04.13"]
[Round "3"]
[White "Monterrey"]
[Black "fishhead"]
[Result "1-0"]
[WhiteElo "1972"]
[BlackElo "1686"]
[Opening "Grünfeld: exchange variation"]
[ECO "D85"]
[Time "18:01:09"]
[TimeControl "2700+45"]

1. d4 Nf6 2. c4 g6 3. Nc3 d5 4. cxd5 Nxd5 5. e4 Nxc3 6. bxc3 c5 7. Bb5+ Bd7 8.
Bxd7+ Qxd7 9. Nf3 Bg7 10. O-O O-O 11. Be3 Nc6 12. Rc1 cxd4 13. cxd4 Rfd8 14. d5
Ne5 15. Bf4 Nxf3+ 16. Qxf3 Rac8 17. Qb3 Rxc1 18. Rxc1 Rc8 19. Rc4 Rxc4 20. Qxc4
e6 21. h3 exd5 22. exd5 Bf8 23. d6 Qf5 24. Bg3 Qb1+ 25. Kh2 Qd1 26. Qc7 Qd5 27.
d7 Be7 28. Qb8+ Kg7 29. Qe5+ Qxe5 30. Bxe5+ f6 31. Bc7 h5 32. Kg3 g5 33. d8=Q
Bxd8 34. Bxd8 Kg6 35. Kf3 f5 36. Ke3 h4 37. Kd4 b5 38. Kc5 a6 39. Kb6 Kh5 40.
Kxa6 b4 41. Kb5 g4 42. Kxb4 f4 43. f3 {Black resigns} 1-0

[Event "Team 45 45 League T80"]
[Site "Internet Chess Club"]
[Date "2019.04.12"]
[Round "3"]
[White "room-matt"]
[Black "LittleButton"]
[Result "1-0"]
[WhiteElo "1771"]
[BlackElo "1827"]
[Opening "Caro-Kann defense"]
[ECO "B15"]
[Time "15:01:38"]
[TimeControl "2700+45"]

1. d4 d5 2. Nc3 c6 3. e4 e6 4. e5 c5 5. Nf3 Nc6 6. Bb5 Ne7 7. dxc5 Bd7 8. O-O g6
9. Re1 Bg7 10. Bd3 a6 11. a3 Qa5 12. Bd2 Qxc5 13. Na4 Qa7 14. Nc3 b5 15. Bf4 O-O
16. Qd2 Qc7 17. Qe3 Na5 18. Qe2 Nc4 19. Nd1 Bc6 20. b3 Nb6 21. Ne3 Nd7 22. Ng4
h5 23. Ne3 Nc5 24. Bg5 Nxd3 25. cxd3 Rac8 26. Rac1 Qd7 27. Rc2 d4 28. Nxd4 Qxd4
29. Bxe7 Rfe8 30. Rec1 Rxe7 31. Rxc6 Rxc6 32. Rxc6 Qa1+ 33. Qd1 Qxa3 34. Rc8+
Kh7 35. f4 Qb4 36. g3 Qd4 37. Kf2 Rd7 38. Ke2 f6 39. exf6 Bxf6 40. Rc6 Rd6 41.
Nc2 Qd5 42. Rxd6 Qxd6 43. Qe1 Qd5 44. Qb4 Qg2+ 45. Kd1 Qf1+ 46. Ne1 Kg7 47. Qd6
Kf7 48. Qc7+ Be7 49. Qa7 Kf6 50. Qxa6 Bb4 51. Qa1+ Kf5 52. Qe5+ Kg4 53. Qxe6#
{Black checkmated} 1-0

[Event "Team 45 45 League T80"]
[Site "Internet Chess Club"]
[Date "2019.04.12"]
[Round "3"]
[White "warsaviensis"]
[Black "bgolev"]
[Result "1/2-1/2"]
[WhiteElo "1877"]
[BlackElo "1847"]
[Opening "Queen's pawn game, Rubinstein (Colle-Zukertort) variation"]
[ECO "D05"]
[Time "16:16:16"]
[TimeControl "2700+45"]

1. d4 Nf6 2. Nf3 d5 3. e3 e6 4. Bd3 c5 5. b3 b6 6. Bb2 Ba6 7. Qe2 Bxd3 8. Qxd3
Nc6 9. a3 Be7 10. O-O O-O 11. Nbd2 Rc8 12. c4 dxc4 13. bxc4 cxd4 14. exd4 Qc7
15. Rac1 Rfd8 16. Qe3 Ng4 17. Qe4 Nf6 18. Qe3 Ng4 19. Qe4 Nf6 20. Qe3 {Game
drawn by repetition} 1/2-1/2

[Event "Team 45 45 League T80"]
[Site "Internet Chess Club"]
[Date "2019.04.14"]
[Round "3"]
[White "Goli"]
[Black "Otelo"]
[Result "1-0"]
[WhiteElo "1722"]
[BlackElo "1649"]
[Opening "Sicilian: Alapin's variation (2.c3)"]
[ECO "B22"]
[Time "17:00:39"]
[TimeControl "2700+45"]

1. e4 c5 2. c3 Nf6 3. e5 Nd5 4. d4 cxd4 5. cxd4 e6 6. Nf3 Nc6 7. Bc4 Nb6 8. Bb3
d6 9. O-O Be7 10. Nc3 a6 11. d5 exd5 12. Nxd5 dxe5 13. Nxe7 Qxd1 14. Rxd1 Kxe7
15. Re1 f6 16. Be3 Nd7 17. Rac1 Na5 18. Bd5 Rb8 19. a3 b6 20. b4 Nb7 21. Nd2 Nd6
22. f4 Bb7 23. Bxb7 Rxb7 24. fxe5 fxe5 25. Bd4 Nf7 26. Nf3 Kd6 27. Bb2 Re8 28.
Rcd1+ Kc7 29. Re4 b5 30. Rde1 Kd6 31. Rd1+ Ke6 32. Rde1 Kd5 33. R4e3 Rc7 34.
Rd1+ Ke6 35. Nd4+ Kf6 36. Rf3+ Ke7 37. Nf5+ Kf8 38. Nd6 Re7 39. Rdf1 Nf6 40. Nf5
Re6 41. h3 Ne4 42. Rd3 Nf6 43. Ne3 Rd7 44. Rc3 Nd6 45. Rc6 Ra7 46. Nf5 Rd7 47.
Rxa6 Kf7 48. Rxd6 Rexd6 49. Nxd6+ Rxd6 50. Bxe5 Rd3 51. Bxf6 gxf6 52. Rf3 Rd5
53. Kf2 Ke6 54. Ke2 Re5+ 55. Re3 Kd5 56. Rxe5+ fxe5 57. g4 Kc4 58. g5 Kb3 59. h4
Kxa3 60. h5 Kxb4 61. g6 {Black resigns} 1-0

[Event "Team 45 45 League T80"]
[Site "Internet Chess Club"]
[Date "2019.04.17"]
[Round "3"]
[White "limeinthecoke"]
[Black "jjmolina"]
[Result "1/2-1/2"]
[WhiteElo "1727"]
[BlackElo "1664"]
[Opening "English: four knights, 4.e3"]
[ECO "A28"]
[Time "10:00:18"]
[TimeControl "2700+45"]

1. c4 e5 2. Nc3 Nf6 3. Nf3 Nc6 4. e3 d5 5. cxd5 Nxd5 6. Bb5 Nxc3 7. bxc3 Bd6 8.
d4 exd4 9. cxd4 Bd7 10. O-O O-O 11. Re1 Bg4 12. h3 Bh5 13. Bb2 Bb4 14. Rf1 Qd5
15. Be2 Rad8 16. Qb3 Qxb3 17. axb3 Rfe8 18. Rfc1 a6 19. Bxa6 Bxf3 20. gxf3 Nxd4
21. Bxd4 bxa6 22. Rxc7 a5 23. Rac1 Re7 24. Rxe7 Bxe7 25. Bb6 Rb8 26. Bxa5 Rxb3
27. Rc8+ Bf8 28. f4 f5 29. Rd8 Kf7 30. Rd5 Kg6 31. Kg2 Be7 32. Kg3 Bf6 33. h4 h5
34. Bd8 Rb1 35. Rd6 Rg1+ 36. Kh2 Rb1 37. Bxf6 gxf6 38. Rd7 Rc1 39. Kg2 Rb1 40.
Rd8 Rc1 41. Rd4 Rb1 {Game drawn by mutual agreement} 1/2-1/2

[Event "Team 45 45 League T80"]
[Site "Internet Chess Club"]
[Date "2019.04.14"]
[Round "3"]
[White "LinceHispano44"]
[Black "Ajolote"]
[Result "1/2-1/2"]
[WhiteElo "1740"]
[BlackElo "1919"]
[Opening "QGD"]
[ECO "D02"]
[Time "13:00:44"]
[TimeControl "2700+45"]

1. Nf3 d5 2. d4 Nf6 3. c4 e6 4. Bg5 Be7 5. Nc3 O-O 6. cxd5 exd5 7. e3 Bf5 8. Qb3
Be6 9. Qxb7 Nbd7 10. Bd3 Qb8 11. Qxb8 Rfxb8 12. Rb1 h6 13. Bf4 Rb7 14. O-O g5
15. Bg3 Nh5 16. Bb5 Nb8 17. Bd3 Nxg3 18. hxg3 Nd7 19. Rfc1 Rab8 20. Na4 Nb6 21.
Nxb6 axb6 22. Ne5 Ra8 23. Nc6 Bd6 24. a3 f5 25. Rc3 Kf7 26. Rbc1 Kf6 27. f4 g4
28. Bb5 Bd7 29. Kf2 Rh8 30. Ba4 Ke6 31. Bb3 b5 32. Nb4 Bxb4 33. axb4 Kd6 34. Rh1
h5 35. Rcc1 Ra7 36. Ra1 Rxa1 37. Rxa1 Rb8 38. Ra5 Bc8 39. Bc2 Bd7 40. Ra6+ c6
{Game drawn by mutual agreement} 1/2-1/2

[Event "Team 45 45 League T80"]
[Site "Internet Chess Club"]
[Date "2019.04.10"]
[Round "3"]
[White "Beddathanme"]
[Black "ARMAND02019"]
[Result "1-0"]
[WhiteElo "1754"]
[BlackElo "1630"]
[Opening "Sicilian: Taimanov variation"]
[ECO "B46"]
[Time "19:06:53"]
[TimeControl "2700+45"]

1. e4 c5 2. Nf3 e6 3. d4 cxd4 4. Nxd4 Nc6 5. Nc3 a6 6. Bf4 Nge7 7. Ncb5 axb5 8.
Nxb5 Ng6 9. Nc7+ Ke7 10. Qd6+ Kf6 11. Nd5# {Black checkmated} 1-0

[Event "Team 45 45 League T80"]
[Site "Internet Chess Club"]
[Date "2019.04.14"]
[Round "3"]
[White "QuieroAprender"]
[Black "nealbruce"]
[Result "1-0"]
[WhiteElo "1625"]
[BlackElo "1715"]
[Opening "Ruy Lopez: exchange, Gligoric variation"]
[ECO "C69"]
[Time "19:41:48"]
[TimeControl "2700+45"]

1. e4 e5 2. Nf3 Nc6 3. Bb5 a6 4. Bxc6 dxc6 5. O-O f6 6. d4 exd4 7. Nxd4 c5 8.
Ne2 Qxd1 9. Rxd1 Be6 10. Nbc3 Rd8 11. Bf4 c6 12. Rxd8+ Kxd8 13. Rd1+ Kc8 14. b3
b6 15. Be3 Ne7 16. Na4 Kc7 17. Nf4 Bf7 18. b4 Bxa2 19. bxc5 b5 20. Nb6 g5 21.
Rd7+ Kb8 22. Nd3 Ng6 23. Nb4 Be6 24. Nxa6# {Black checkmated} 1-0

[Event "Team 45 45 League T80"]
[Site "Internet Chess Club"]
[Date "2019.04.14"]
[Round "3"]
[White "kabindra"]
[Black "harlyman"]
[Result "0-1"]
[WhiteElo "1797"]
[BlackElo "1844"]
[Opening "Petrov: Nimzovich attack"]
[ECO "C42"]
[Time "16:01:07"]
[TimeControl "2700+45"]

1. e4 e5 2. Nf3 Nf6 3. Nxe5 d6 4. Nf3 Nxe4 5. Nc3 Nxc3 6. dxc3 Be7 7. Be3 O-O 8.
Qd2 Nd7 9. O-O-O Nf6 10. Bd3 Be6 11. Kb1 c5 12. h3 Qa5 13. a3 c4 14. Be2 Ne4 15.
Qe1 d5 16. Nd4 Bxa3 17. f3 Nxc3+ 18. Qxc3 Bb4 19. Nb3 cxb3 20. Qxb3 d4 21. Bc4
Bxc4 22. Qxc4 dxe3 23. Rd5 Rac8 24. Qd3 Qc7 25. Rd7 Qc6 26. Rd1 Rfe8 27. Qb3 Be7
28. Qxe3 Qxc2+ 29. Ka2 Rc6 30. Rxe7 Ra6+ {White resigns} 0-1

[Event "Team 45 45 League T80"]
[Site "Internet Chess Club"]
[Date "2019.04.12"]
[Round "3"]
[White "andrew37"]
[Black "julesraider"]
[Result "1/2-1/2"]
[WhiteElo "1610"]
[BlackElo "1612"]
[Opening "Réti opening"]
[ECO "A04"]
[Time "16:06:15"]
[TimeControl "2700+45"]

1. Nf3 Nc6 2. g3 d5 3. Bg2 g6 4. O-O Bg7 5. d4 Nf6 6. c3 O-O 7. h3 Re8 8. Qb3 h6
9. Rd1 Bd7 10. Ne5 Bf5 11. g4 Bc8 12. Bf4 Na5 13. Qa4 c6 14. b4 Nc4 15. Nxc4
dxc4 16. Nd2 Nd5 17. Bxd5 cxd5 18. e4 Bd7 19. Qc2 e6 20. a4 Qh4 21. Kg2 f5 22.
Bg3 Qe7 23. exf5 exf5 24. Re1 Qf7 25. f3 fxg4 26. hxg4 Rf8 27. Re2 Rae8 28. Rae1
Bf6 29. Rxe8 Rxe8 30. Rxe8+ Qxe8 31. Nf1 Bxa4 32. Qd2 Kg7 33. Bf4 h5 34. gxh5
gxh5 35. Ne3 Qg6+ 36. Kh2 h4 37. Nxd5 Bc6 38. Nxf6 Kxf6 39. Be5+ Ke6 40. Qf4
Qc2+ 41. Kh3 Qh7 42. Qf6+ Kd7 43. d5 Bb5 44. Qd6+ Ke8 45. Qb8+ Ke7 46. Qd6+ Ke8
47. Qe6+ Qe7 48. Qxe7+ Kxe7 49. Kxh4 b6 50. Kg5 a5 51. Kf5 a4 52. Bf4 a3 53. Bc1
a2 54. Bb2 Kd6 55. Ke4 Be8 56. f4 Bf7 57. f5 Bxd5+ 58. Kd4 b5 59. Ba1 Bf7 60.
Ke4 Be8 61. Kd4 Bd7 62. Ke4 Bc6+ 63. Kd4 Be8 64. Bb2 Bh5 65. Ke4 Bf7 66. Kd4 Bd5
67. Ba1 Bc6 68. Bb2 {Game drawn by mutual agreement} 1/2-1/2

[Event "Team 45 45 League T80"]
[Site "Internet Chess Club"]
[Date "2019.04.13"]
[Round "3"]
[White "Hectormercado"]
[Black "Toalla"]
[Result "1-0"]
[WhiteElo "1435"]
[BlackElo "1326"]
[Opening "Alekhine's defense: four pawns attack, fianchetto variation"]
[ECO "B03"]
[Time "17:10:44"]
[TimeControl "2700+45"]

1. e4 Nf6 2. e5 Nd5 3. d4 d6 4. c4 Nb6 5. f4 g6 6. Nf3 Bg7 7. b3 O-O 8. Bb2 dxe5
9. fxe5 c5 10. d5 Bg4 11. Be2 e6 12. d6 Nc6 13. Nbd2 Nd7 14. O-O Ndxe5 15. Nxe5
Bxe2 16. Qxe2 Bxe5 17. Bxe5 Nxe5 18. Qxe5 Rc8 19. Ne4 {Black resigns} 1-0

[Event "Team 45 45 League T80"]
[Site "Internet Chess Club"]
[Date "2019.04.13"]
[Round "3"]
[White "olivermx"]
[Black "howah45"]
[Result "0-1"]
[WhiteElo "1229"]
[BlackElo "1153"]
[Opening "Scandinavian (center counter) defense"]
[ECO "B01"]
[Time "17:00:38"]
[TimeControl "2700+45"]

1. e4 d5 2. exd5 Qxd5 3. h3 Nf6 4. Nc3 Qd6 5. Nf3 a6 6. Bc4 Nc6 7. a3 b5 8. Bb3
Bb7 9. Ne2 e6 10. O-O Be7 11. d4 O-O 12. Ng3 Rad8 13. c3 Rfe8 14. Be3 Na5 15.
Ba2 Nd5 16. Qe2 Nc4 17. Bxc4 bxc4 18. Ne5 Nxe3 19. fxe3 f6 20. Qf2 fxe5 21. Qf7+
Kh8 22. Nh5 Rg8 {White resigns} 0-1

[Event "Team 45 45 League T80"]
[Site "Internet Chess Club"]
[Date "2019.04.14"]
[Round "3"]
[White "Portola"]
[Black "idjit"]
[Result "1/2-1/2"]
[WhiteElo "1786"]
[BlackElo "1614"]
[Opening "Queen's pawn game"]
[ECO "A46"]
[Time "14:00:52"]
[TimeControl "2700+45"]

1. d4 Nf6 2. Nf3 e6 3. c3 d5 4. Bg5 c5 5. e3 Nc6 6. Bd3 cxd4 7. exd4 Be7 8. Nbd2
O-O 9. O-O Qc7 10. Re1 Kh8 11. Qc2 h6 12. Bh4 Nh5 13. Bxe7 Qxe7 14. Ne5 Nf4 15.
Ndf3 Nxe5 16. dxe5 Nxd3 17. Qxd3 Bd7 18. Re3 a6 19. Nd4 Rac8 20. Rae1 Rc4 21.
Qe2 Rfc8 22. Qh5 b5 23. Nb3 b4 24. cxb4 Rxb4 25. Rc3 Rxc3 26. bxc3 Rc4 27. Re3
Be8 28. Qe2 Qa3 29. Qd2 Ra4 30. Nc1 Rc4 31. Nb3 Ra4 32. Nc1 Rc4 33. Nb3 Ra4 34.
Nc1 {Game drawn by repetition} 1/2-1/2

[Event "Team 45 45 League T80"]
[Site "Internet Chess Club"]
[Date "2019.04.11"]
[Round "3"]
[White "evan7284"]
[Black "rubo"]
[Result "1-0"]
[WhiteElo "1567"]
[BlackElo "1566"]
[Opening "Queen's pawn game"]
[ECO "D00"]
[Time "15:00:23"]
[TimeControl "2700+45"]

1. d4 Nf6 2. Nc3 d5 3. Bf4 c6 4. e3 Bf5 5. f3 Bg6 6. g4 h6 7. h4 e6 8. h5 Bh7 9.
Bd3 Bxd3 10. Qxd3 Bd6 11. Nge2 Qc7 12. Bxd6 Qxd6 13. O-O-O Nbd7 14. e4 dxe4 15.
Nxe4 Nxe4 16. fxe4 O-O-O 17. Kb1 Qc7 18. Qa3 Kb8 19. e5 Nb6 20. Rhf1 Rhe8 21.
Qb3 Rd7 22. Rd3 Nc8 23. Ng3 Red8 24. Qb4 Qb6 25. Qxb6 Nxb6 26. c3 Nc4 27. Re1
Rd5 28. Kc2 R5d7 29. b3 Nb6 30. Ne4 Nc8 31. Nc5 Re7 32. Rf1 b6 33. Ne4 Rdd7 34.
g5 hxg5 35. Nxg5 b5 36. Rdf3 Nb6 37. Rxf7 Nd5 38. Kd2 Nc7 39. Rxe7 Rxe7 40. Rf7
Rxf7 41. Nxf7 Kc8 42. c4 a6 43. Ke3 Kd7 44. Nd6 Na8 45. Kf4 Nb6 46. Kg5 Ke7 47.
Kg6 Kf8 48. h6 gxh6 49. Kxh6 Ke7 50. Kg7 Kd7 51. Kf7 bxc4 52. bxc4 Na4 53. Ne4
Nb6 54. c5 Nd5 55. Nf6+ {Black resigns} 1-0

[Event "Team 45 45 League T80"]
[Site "Internet Chess Club"]
[Date "2019.04.12"]
[Round "3"]
[White "nosir"]
[Black "Bible-Believer"]
[Result "1-0"]
[WhiteElo "1429"]
[BlackElo "1353"]
[Opening "Queen's pawn: London system"]
[ECO "A45"]
[Time "17:00:30"]
[TimeControl "2700+45"]

1. d4 Nf6 2. Bf4 c5 3. e3 d5 4. c3 Nc6 5. Bd3 e6 6. Nd2 Bd6 7. Bg3 b6 8. Ngf3 a5
9. a4 Ba6 10. Bc2 Qc7 11. dxc5 bxc5 12. Nb3 Rb8 13. Nxc5 Bc8 14. Rb1 Ne5 15. Nd3
Nxf3+ 16. Qxf3 Bb7 17. Bxd6 Qxd6 18. O-O O-O 19. Qf4 Ne4 20. Rfd1 Ba8 21. Qh4
Bc6 22. f3 Nf6 23. Nf4 Qc5 24. Qf2 Qc4 25. g4 Bxa4 26. Rd4 Qa2 27. Rxa4 {Black
resigns} 1-0

[Event "Team 45 45 League T80"]
[Site "Internet Chess Club"]
[Date "2019.04.10"]
[Round "3"]
[White "kingsrook"]
[Black "g8wrb"]
[Result "1/2-1/2"]
[WhiteElo "1188"]
[BlackElo "1435"]
[Opening "Nimzo-Indian: Reshevsky variation"]
[ECO "E46"]
[Time "16:16:54"]
[TimeControl "2700+45"]

1. d4 e6 2. c4 Nf6 3. Nc3 Bb4 4. e3 O-O 5. Ne2 b6 6. a3 Bd6 7. Ng3 Bb7 8. f3 Nc6
9. Be2 Ne7 10. O-O c5 11. dxc5 Bxc5 12. b4 Qc7 13. bxc5 Qxc5 14. Rb1 Ba6 15. Qa4
Bb7 16. Kh1 d5 17. Rb5 Qc7 18. Rb1 Ng6 19. Bd2 Ne5 20. Nb5 Qc6 21. Rb4 a6 22.
Nd4 Qd6 23. cxd5 Nxd5 24. Rbb1 b5 25. Bb4 Nxb4 26. Qxb4 Qd7 27. Rfd1 Qc7 28.
Rbc1 Qb6 29. Qc5 Qa5 30. Qxe5 Qxa3 31. Nc2 Qa2 32. Qc7 Rac8 33. Qxb7 Rxc2 34.
Ra1 Qb2 35. Qxa6 Rxe2 36. Nxe2 Qxe2 37. Re1 Qc4 38. Qa2 Qc3 39. Rac1 Qd3 40. Qe2
Qd5 41. Red1 Qg5 42. Rb1 Rb8 43. Rb4 h6 44. Rdb1 Qe5 45. Rxb5 Rxb5 46. Qxb5 Qxe3
47. Qf1 Qf4 48. Qd3 Kh8 49. g3 Qc7 50. Qd2 Qc6 51. Qf4 Qd7 52. Qe4 Qd6 53. Qa8+
Kh7 54. Qe4+ Kg8 55. Ra1 g6 56. Kg2 Qd2+ 57. Kh3 Qc3 58. Re1 Kf8 59. Qe5 Qxf3
60. Qh8+ Ke7 61. Qxh6 Qf5+ 62. Kg2 Qd5+ 63. Kh3 Qf5+ 64. Kg2 Qc2+ {Game drawn by
mutual agreement} 1/2-1/2

[Event "Team 45 45 League T80"]
[Site "Internet Chess Club"]
[Date "2019.04.16"]
[Round "3"]
[White "QuieroAprender"]
[Black "wildwood"]
[Result "1-0"]
[WhiteElo "1637"]
[BlackElo "1534"]
[Opening "Sicilian: Najdorf"]
[ECO "B90"]
[Time "19:18:49"]
[TimeControl "2700+45"]

1. e4 c5 2. Nf3 d6 3. d4 cxd4 4. Nxd4 Nf6 5. Nc3 a6 6. b3 e6 7. Bd3 Be7 8. Bb2
O-O 9. g4 b5 10. g5 Ne8 11. h4 Bb7 12. Qh5 g6 13. Qh6 Nd7 14. f4 e5 15. h5 Ndf6
{Black resigns} 1-0